 Dungeon Crawl Stone Soup version 0.27.1-34-g3ba077fa99 (console) character file.

Game seed: 13927506930351684067

520571 MathTutor the Sorcerer (level 24, -7/193 HPs)
             Began as a Deep Elf Conjurer on Jan 15, 2022.
             Was a High Priest of Ru.
             Shot with a bolt by a yaktaur captain (22 damage)
             ... while paralysed by an ogre mage
             ... on level 5 of the Vaults on Jan 21, 2022.
             The game lasted 15:34:24 (105749 turns).

MathTutor the Sorcerer (Deep Elf Conjurer)        Turns: 105749, Time: 15:34:24

Health: -7/193     AC: 32    Str:  8    XL:     24   Next: 63%
Magic:  52/61      EV:  2    Int: 34    God:    Ru [*****.]
Gold:   809        SH:  0    Dex: 18    Spells: 9/69 levels left

rFire    + . .     SeeInvis +   W - staff of air
rCold    . . .     Faith    .   (shield unavailable)
rNeg     + + +     Spirit   .   (armour currently unavailable)
rPois    ∞         Reflect  .   U - +1 helmet of Lucidity {rF+ Int+2 SInv}
rElec    +         Harm     .   w - scarf {repulsion}
rCorr    .         Rampage  .   (gloves currently unavailable)
Will     +....                  (boots currently unavailable)
Stlth    ..........             A - amulet of Cioritol {Acrobat rN++ Will- Dex+5}
HPRegen  0.42/turn              (ring unavailable)
MPRegen  0.37/turn              H - ring of magical power

@: paralysed, statue-form, on berserk cooldown, slowed, studying 3 skills, repel
missiles
A: slow and powerful, torment resistance 1, boosted hp, missing a hand, no
stealth, inability to use devices, hooves 1
}: 2/15 runes: serpentine, barnacled
a: End Transformation, Renounce Religion, Draw Out Power, Power Leap, Apocalypse


You were on level 5 of the Vaults.
You worshipped Ru.
Ru was extremely pleased with you.
You were a living statue of rough stone.
You visited 9 branches of the dungeon, and saw 45 of its levels.
You visited the Abyss 2 times.
You visited 1 bazaar.
You also visited: Trove, Gauntlet and Volcano.

You collected 10429 gold pieces.
You spent 9620 gold pieces at shops.

Inventory:

Missiles
 c - 4 throwing nets
 e - 9 boomerangs of dispersal
 h - 10 datura-tipped darts
 j - 7 silver boomerangs
 k - 21 javelins
 m - 153 poisoned darts
 y - 59 silver javelins
 B - 20 curare-tipped darts
Armour
 t - the +2 pair of boots "Juahol" (melded) {rElec rF+ rC- Will+ Stlth+}
   (You found it in a treasure trove)

   rF:        It protects you from fire.
   rC:        It makes you vulnerable to cold.
   rElec:     It insulates you from electricity.
   Will:      It increases your willpower.
   Stlth:     It makes you more stealthy.
 w - a scarf of repulsion (worn)
 z - the +3 pair of gauntlets of War (melded) {Slay+5}
   (You acquired it on level 1 of the Depths)

   Slay:      It affects your accuracy & damage with ranged weapons and melee
   (+5).
 P - the +7 steam dragon scales "Gekasuas" (melded) {rF+}
   (You bought it in a shop on level 1 of the Vaults)

   rF:        It protects you from fire.
 U - the +1 helmet of Lucidity (worn) {rF+ Int+2 SInv}
   (You acquired it on level 2 of the Lair of Beasts)

   Int:       It affects your intelligence (+2).
   rF:        It protects you from fire.
   SInv:      It lets you see invisible.
Magical Staves
 a - a staff of conjuration
 W - a staff of air (weapon)
Jewellery
 A - the amulet of Cioritol (around neck) {Acrobat rN++ Will- Dex+5}
   (You acquired it in a Gauntlet)

   [amulet of the acrobat]

   It increases your evasion while moving and waiting.
   Dex:       It affects your dexterity (+5).
   rN:        It greatly protects you from negative energy.
   Will:      It decreases your willpower.
 H - a ring of magical power (right fist)
Scrolls
 b - 6 scrolls of fear
 d - 9 scrolls of immolation
 r - 7 scrolls of magic mapping
 s - 4 scrolls of vulnerability
 x - 6 scrolls of teleportation
 D - a scroll of blinking
 E - 4 scrolls of torment
 G - 2 scrolls of holy word
 M - 4 scrolls of summoning
 Q - 5 scrolls of silence
Potions
 g - 13 potions of curing
 i - 10 potions of attraction
 l - 5 potions of ambrosia
 q - 2 potions of magic
 v - 2 potions of flight
 I - 9 potions of lignification
 K - 2 potions of haste
 L - 4 potions of brilliance
 N - 7 potions of resistance
 O - 3 potions of invisibility
 R - 3 potions of might


   Skills:
 + Level 14.7 Fighting
 - Level 13.0 Staves
 - Level 10.0 Throwing
 + Level 20.6 Dodging
 + Level 23.3 Spellcasting
 - Level 14.6 Conjurations
 - Level 2.0 Hexes
 - Level 5.0 Summonings
 - Level 6.5 Necromancy
 - Level 5.4 Transmutations
 - Level 4.0 Fire Magic
 * Level 18.3 Air Magic
 - Level 15.5 Earth Magic
 - Level 3.0 Poison Magic


You had 9 spell levels left.
You knew the following spells:

 Your Spells              Type           Power      Damage    Failure   Level
a - Magic Dart            Conj           100%       1d8       0%          1
b - Summon Mana Viper     Hex/Summ       59%        N/A       4%          5
c - Mephitic Cloud        Conj/Pois/Air  100%       N/A       0%          3
d - Iskenderun's Battles  Conj           95%        2d14      1%          5
e - Borgnjor's Vile Clut  Necr/Erth      42%        N/A       1%          5
f - Lightning Bolt        Conj/Air       61%        1d84      1%          5
g - Iron Shot             Conj/Erth      48%        9d9       1%          6
h - Passwall              Tmut/Erth      70%        N/A       0%          2
i - Swiftness             Air            100%       N/A       0%          3
j - Summon Lightning Spi  Summ/Air       100%       N/A       1%          4
k - Animate Dead          Necr           35%        N/A       1%          4
l - Inner Flame           Hex/Fire       56%        N/A       1%          3
m - Statue Form           Tmut/Erth      56%        N/A       1%          6
n - Apportation           Tloc           78%        N/A       1%          1
o - Airstrike             Air            64%        N/A       0%          4
p - Summon Guardian Gole  Hex/Summ       59%        N/A       1%          3

Your spell library contained the following spells:

 Spells                   Type           Power      Damage    Failure   Level
 Foxfire                  Conj/Fire      100%       2x1d9     0%          1
 Searing Ray              Conj           100%       3d7       0%          2
 Static Discharge         Conj/Air       100%       N/A       0%          2
 Stone Arrow              Conj/Erth      100%       3d13      0%          3
 Animate Skeleton         Necr           100%       N/A       1%          1
 Corona                   Hex            57%        N/A       1%          1
 Pain                     Necr           100%       1d9       1%          1
 Summon Small Mammal      Summ           100%       N/A       1%          1
 Call Imp                 Summ           65%        N/A       1%          2
 Ensorcelled Hibernation  Hex/Ice        92%        N/A       1%          2
 Call Canine Familiar     Summ           65%        N/A       1%          3
 Conjure Flame            Conj/Fire      80%        6-21      1%          3
 Dazzling Flash           Conj/Hex       100%       N/A       1%          3
 Portal Projectile        Hex/Tloc       92%        N/A       1%          3
 Spider Form              Tmut/Pois      31%        N/A       1%          3
 Tukima's Dance           Hex            52%        N/A       1%          3
 Vampiric Draining        Necr           35%        2d11      1%          3
 Animate Armour           Summ/Erth      100%       N/A       1%          4
 Fulminant Prism          Conj/Hex       38%        3d18      1%          4
 Iskenderun's Mystic Bla  Conj/Tloc      73%        2d15      1%          4
 Leda's Liquefaction      Hex/Erth       39%        N/A       1%          4
 Petrify                  Tmut/Erth      84%        N/A       1%          4
 Agony                    Necr           71%        N/A       1%          5
 Blade Hands              Tmut           33%        N/A       1%          5
 Bolt of Magma            Conj/Fire/Erth 43%        4d18      1%          5
 Fireball                 Conj/Fire      40%        3d16      1%          5
 Irradiate                Conj/Tmut      41%        3d27      1%          5
 Lee's Rapid Deconstruct  Erth           49%        3d24*     1%          5
 Silence                  Hex/Air        52%        N/A       1%          5
 Orb of Destruction       Conj           47%        9d15      1%          7
 Summon Ice Beast         Ice/Summ       54%        N/A       2%          4
 Starburst                Conj/Fire      40%        6d11      2%          6
 Maxwell's Capacitive Co  Air            64%        ∞         2%          8
 Alistair's Intoxication  Tmut/Pois      41%        N/A       3%          5
 Passage of Golubria      Tloc           N/A        N/A       7%          4
 Death Channel            Necr           35%        N/A       7%          6
 Lehudib's Crystal Spear  Conj/Erth      48%        10d12     10%         8
 Spellforged Servitor     Conj/Summ      41%        N/A       11%         7
 Shadow Creatures         Summ           N/A        N/A       13%         6
 Eringya's Noxious Bog    Tmut/Pois      31%        N/A       19%         6
 Invisibility             Hex            26%        N/A       41%         6
 Haunt                    Necr/Summ      34%        N/A       47%         7
 Dragon Form              Tmut           33%        N/A       52%         7
 Monstrous Menagerie      Summ           32%        N/A       58%         7
 Shatter                  Erth           49%        3d37*     75%         9
 Infestation              Necr           35%        N/A       97%         8
 Ignition                 Fire           30%        3d10      100%        8


Dungeon Overview and Level Annotations

Branches:
Dungeon (15/15)            Temple (1/1) D:7            Lair (6/6) D:11
 Shoals (4/4) Lair:4        Snake (4/4) Lair:4        Slime (0/5) Lair:6
    Orc (2/2) D:10            Elf (3/3) Orc:2        Vaults (5/5) D:13
  Crypt (0/3) Vaults:2     Depths (5/5) D:15            Zot (0/5) Depths:5
Volcano (visited)         Gauntlet (visited)

Altars:
Ashenzari
Cheibriados
Dithmenos
Elyvilon
Fedhas
Gozag
Hepliaklqana
Kikubaaqudgha
Makhleb
Nemelex Xobeh
Okawaru
Qazlal
Ru
Sif Muna
Trog
Uskayaw
Vehumet
Wu Jian
Xom
Yredelemnul
Zin
The Shining One
Beogh
Jiyva

Shops:
D:5 *:[**   D:9 ?   D:14 *   Orc:2 :=!?   Elf:1 :[?   Shoals:1 :   Shoals:3 *
Snake:4 ?   Vaults:1 ([!   Depths:1 ([*   Depths:4 *[

Portals:
Hell: Depths:1 Depths:2 Depths:3 Depths:4 Depths:5
Abyss: Depths:1 Depths:4
Pandemonium: Depths:1 Depths:3 Depths:5
Ziggurat: Depths:1

Annotations:
D:4 3 runed translucent doors, exclusion: yak, kthxbai's ghost, amateur DgFE
D:10 1 runed translucent door
D:11 1 runed translucent door, exclusion: downstairs, Zippel's ghost, journeyman DsGl
Lair:6 1 runed translucent door
Snake:2 exclusion: 2 downstairs
Elf:1 1 runed translucent door
Vaults:1 exclusion: downstairs
Vaults:2 exclusion: orange crystal statue
Depths:1 exclusion: downstairs
Depths:2 1 runed translucent door, lmSkywalker's ghost, adept DrTm


Innate Abilities, Weirdness & Mutations

You are a living statue of rough stone.
Your actions are slow, but your melee attacks are powerful.
You are resistant to unholy torment.
Your maximum health is greatly increased.
You are immune to poison.
Your equipment is partially melded.
You are missing a hand.
You cannot be stealthy.
You cannot study or use magical devices.
You have large cloven feet.


Message History

* * * LOW HITPOINT WARNING * * *
The phantasmal warrior blinks!
The deep elf high priest unwields a +0 scimitar of holy wrath.
It stops glowing.
The deep elf high priest wields a +0 shortbow.
The deep elf high priest shoots an arrow.
The arrow misses you.
The arrow hits the phantasmal warrior!
The vault warden completely misses you.
A yaktaur comes into view. It is wielding a +0 spear.
The phantasmal warrior closely misses you.
You hear a shout!
You hear two shouts! x2; The yaktaur shouts!
You hear two shouts!
You feel much better.
Your surroundings suddenly seem different.
A deep elf sorcerer, a yaktaur captain, a two-headed ogre, a deep troll, a fire giant, 2 necromancers, 2 zombies and a simulacrum come into view.
The fire giant is wielding a +0 great sword of flaming.
The deep elf sorcerer is wielding a +0 rapier and wearing the amulet "Fytsapso" {*Corrode +Inv rElec Regen+ MP+9 Dex+2}.
A necromancer is wielding a +1 dagger of venom.
The yaktaur captain shouts!
The deep troll shouts!
You hear a shout! x2
An ogre comes into view. It is wielding a +0 giant club.
The necromancer begins to cast a spell, but is stunned by your conviction!
The deep elf sorcerer begins to cast a spell, but is stunned by your conviction!
A two-headed ogre comes into view.
It is wielding a +0 giant club and a +0 dire flail.
The ogre mage points at you and mumbles some strange words.
You suddenly lose the ability to move!
The yaktaur captain wields a +0 arbalest.
The yaktaur captain shoots a bolt.
The bolt hits you but does no damage.
The fire giant begins to cast a spell, but is stunned by your conviction!
The yaktaur unwields a +0 spear.
The yaktaur wields a +0 arbalest.
The yaktaur shoots a bolt.
The bolt hits you but does no damage.
The ogre mage hits you but does no damage.
The fire giant hits you with a +0 great sword of flaming!
* * * LOW HITPOINT WARNING * * *
The fire giant burns you.
* * * LOW HITPOINT WARNING * * *
The two-headed ogre hits you with a +0 dire flail!
* * * LOW HITPOINT WARNING * * *
You focus your inner power and illuminate the two-headed ogre in retribution!
The two-headed ogre hits you with a +0 giant club!
* * * LOW HITPOINT WARNING * * *
The yaktaur captain shoots a bolt.
The bolt hits you!!
You die...

#..p........
#....#Z..........
#.O..#W##....##.c
#....#.####### .
#.Z..#pZ..#
#..ZZ#......# ..#
#.pp.#.......#
.....#OCO.#.......#
....O..8....e......
####...e....#######
.ZT..c.....c...
...............
###############


You could see a fire giant, a yaktaur captain, a deep elf sorcerer, 2 two-headed
ogres, an ogre mage, a deep troll, a deep elf high priest, a yaktaur, 2
necromancers, an ogre (wandering), a vault warden simulacrum, a shadow dragon
zombie, a golden dragon zombie and an ogre mage zombie.

Vanquished Creatures
  Mara (Snake:3)
  Mennas (Vaults:4)
  A juggernaut (Depths:5)
  Saint Roka (Vaults:4)
  Vashnia (Snake:3)
  10 caustic shrikes
  Jory (Vaults:4)
  3 bone dragons
  Nikola (Depths:2)
  3 golden dragons
  Rupert (Lair:4)
  2 liches
  2 deep elf master archers (Elf:3)
  2 deep elf blademasters (Elf:3)
  5 quicksilver dragons
  Polyphemus (Shoals:2)
  5 sphinxes
  2 tentacled starspawn (Abyss:2)
  2 storm dragons
  6 tengu reavers
  A draconian monk (Depths:5)
  5 nagarajas
  11 fire giants
  An orc warlord (Orc:2)
  4 deep elf sorcerers (Elf:3)
  16 frost giants
  A draconian stormcaller (Depths:5)
  A balrug (Gauntlet)
  11 vault wardens
  A draconian scorcher (Depths:5)
  2 iron dragons (Depths:2)
  2 cacodemons (Depths:1)
  7 spriggan defenders
  Aizul (Snake:3)
  4 deep elf elementalists
  14 very ugly things
  2 reapers
  11 ironbound preservers
  2 war gargoyles
  15 stone giants
  A vampire knight (Vaults:2)
  2 entropy weavers
  A minotaur (Gauntlet)
  3 deep elf demonologists (Elf:3)
  2 green draconians (Depths:5)
  5 deep elf annihilators (Elf:3)
  A lorocyproca (Depths:1)
  A yellow draconian (Depths:5)
  A red draconian (Depths:5)
  6 dire elephants
  3 crystal guardians (Vaults:4)
  15 spark wasps
  Snorg (D:14)
  4 deep elf death magi
  9 ettins
  4 merfolk javelineers
  3 deep elf high priests
  A green death (Depths:1)
  5 yaktaur captains
  9 merfolk impalers
  2 blizzard demons
  5 fire dragons
  A hell beast (Depths:1)
  5 salamander tyrants
  6 ironbound thunderhulks
  7 ice dragons
  A rakshasa (Depths:4)
  8 hydras
  5 great orbs of eyes
  7 naga warriors
  2 peacekeepers (Vaults:4)
  2 ogre magi (D:15)
  3 boulder beetles (D:12)
  3 spriggan air magi (Depths:3)
  5 merfolk aquamancers
  10 anacondas
  A death knight (Vaults:2)
  3 merfolk avatars
  14 two-headed ogres
  6 vault guards
  An alligator snapping turtle (Shoals:4)
  2 catoblepae
  An anaconda (shapeshifter) (Vaults:5)
  8 centaur warriors
  A satyr (Shoals:3)
  4 deep troll shamans
  4 ironbound frosthearts
  7 tengu warriors
  31 dancing weapons
  5 orc high priests
  2 hell knights
  5 spriggan berserkers
  A death yak (Shoals:1)
  9 naga sharpshooters
  2 thrashing horrors (Abyss:2)
  5 ironbound beastmasters
  4 deep troll earth magi (Depths:5)
  A spriggan (Depths:3)
  2 vampire magi
  4 hell hogs (Abyss:2)
  2 sun demons
  Urug (Lair:1)
  A storm dragon zombie (Abyss:2)
  6 shock serpents
  13 deep elf knights
  3 soul eaters (Depths:1)
  A wretched star (Abyss:2)
  2 iron trolls (Depths:5)
  6 skeletal warriors
  10 sea snakes
  41 deep trolls
  2 flayed ghosts
  A torturous demonspawn (Depths:3)
  5 sixfirhies
  5 salamander mystics
  15 ironbound convokers
  5 naga ritualists
  A gelid demonspawn (Depths:3)
  7 wizards
  2 swamp dragons (Snake:3)
  22 harpies
  14 deep elf archers
  An infernal demonspawn (Depths:3)
  2 glowing orange brains
  25 deep elf pyromancers
  20 deep elf zephyrmancers
  An obsidian statue (Depths:1)
  4 lindwurms
  48 ugly things
  6 orc knights
  A tengu skeleton (Vaults:2)
  4 mana vipers
  9 oklob plants
  10 manticores
  5 necromancers
  23 salamanders
  7 fauns
  7 orc sorcerers
  2 stone giant skeletons
  2 worldbinders (Abyss:2)
  9 cyclopes
  6 elephants
  4 guardian serpents
  A rust devil (Depths:1)
  14 naga magi
  5 smoke demons
  5 merfolk sirens
  2 molten gargoyles (Volcano)
  34 black mambas
  16 vault sentinels
  A hellion (Abyss:2)
  A torpor snail (Lair:3)
  2 ice statues (Snake:4)
  An orange demon (Depths:1)
  A gargoyle (D:14)
  An unseen horror (D:12)
  10 cane toads
  15 yaktaurs
  7 komodo dragons
  An ice devil (Depths:1)
  7 rime drakes
  A freezing wraith (D:14)
  3 efreet
  A golden dragon simulacrum (Depths:2)
  2 tengu conjurers
  An ancient zyme (Abyss:2)
  10 polar bears
  2 jumping spiders (Vaults:3)
  A queen bee (Lair:3)
  A meliai (shapeshifter) (D:13)
  5 trolls
  5 wind drakes
  A sphinx simulacrum (Depths:2)
  20 merfolk
  5 snapping turtles
  2 hornets
  5 dream sheep (Lair:6)
  An ettin zombie (Vaults:2)
  6 raiju
  21 slime creatures
  22 blink frogs
  3 air elementals
  A shadow (D:8)
  22 water elementals
  3 redbacks
  2 tarantellas (Vaults:2)
  2 wyverns
  A tarantella (shapeshifter) (Elf:1)
  4 vampires
  4 ynoxinuls
  53 yaks
  3 fire bats (Lair:6)
  6 fire elementals
  A golden eye (shapeshifter) (Elf:1)
  8 basilisks
  8 vampire mosquitoes
  11 large abominations
  3 swamp worms (Snake:3)
  4 neqoxecs
  36 nagas
  3 wargs
  A chaos spawn (Depths:1)
  An acid dragon (D:11)
  15 hell hounds (Lair:6)
  15 water moccasins
  A floating eye (shapeshifter) (Depths:4)
  A floating eye (Depths:3)
  2 nameless horrors
  2 sky beasts (D:6)
  2 swamp drakes (Snake:3)
  7 black bears (Lair:6)
  27 orc warriors
  2 ice beasts
  8 ogres
  9 small abominations (Abyss:2)
  11 boggarts
  10 centaurs
  24 wolves
  2 phantoms
  8 kobold brigands
  2 elf zombies (Elf:1)
  9 bullfrogs
  A scorpion (D:5)
  6 earth elementals
  3 gnoll sergeants
  A wyvern skeleton (D:7)
  34 killer bees
  5 howler monkeys
  7 wights (D:9)
  3 centaur zombies
  2 quasits (Abyss:2)
  An iron imp (Abyss:2)
  16 orc priests
  4 hounds
  A bullfrog skeleton (D:6)
  4 iguanas
  A centaur skeleton (D:6)
  2 gnoll shamans
  3 hell rats
  13 orc wizards
  3 hound skeletons (D:5)
  A howler monkey zombie (D:7)
  7 adders
  17 gnolls
  A howler monkey skeleton (D:7)
  12 river rats
  2 shadow imps (D:6)
  4 white imps
  5 ufetubi
  An adder zombie (D:5)
  60 orcs
  7 bats
  9 endoplasms
  A giant cockroach (D:3)
  7 goblins
  7 hobgoblins
  3 quokkas
  6 ball pythons
  4 frilled lizards
  18 kobolds
  5 rats (D:1)
  3 fire vortices (Volcano)
  5 tentacles
1667 creatures vanquished.

Vanquished Creatures (collateral kills)
  2 krakens
  A nagaraja (Snake:3)
  A deep elf sorcerer (Elf:3)
  2 frost giants
  A vault warden (Vaults:4)
  An orc warlord (Vaults:3)
  A spriggan defender (Depths:3)
  2 ironbound preservers
  3 stone giants (Depths:2)
  4 very ugly things
  4 ettins
  A merfolk impaler (Shoals:4)
  A fire dragon (D:15)
  A deep elf death mage (Elf:2)
  A great orb of eyes (Depths:2)
  2 ironbound thunderhulks (Vaults:4)
  A salamander tyrant (Snake:4)
  2 naga warriors (Snake:4)
  A peacekeeper (Vaults:3)
  An ice dragon (Depths:3)
  4 vault guards
  A boulder beetle (Vaults:2)
  A centaur warrior (Vaults:3)
  A satyr (Shoals:3)
  2 ironbound frosthearts (Vaults:1)
  A deep troll shaman (Depths:2)
  2 death yaks (Shoals:2)
  A naga sharpshooter (Snake:3)
  A spriggan berserker (Depths:3)
  A tengu warrior (Depths:2)
  A vampire mage (Depths:3)
  A hell knight (Depths:3)
  Sonja (Lair:6)
  A salamander mystic (Snake:2)
  A sea snake (Shoals:3)
  7 deep trolls
  2 naga ritualists
  A deep elf archer (Elf:2)
  2 deep elf zephyrmancers
  A deep elf pyromancer (Elf:2)
  12 harpies
  An ironbound convoker (Vaults:4)
  An orc knight (Orc:2)
  3 mana vipers
  4 orc sorcerers
  3 fauns (Shoals:3)
  7 ugly things
  7 salamanders
  4 cyclopes
  A large abomination (Abyss:2)
  2 guardian serpents (Snake:4)
  2 water nymphs
  A manticore (Shoals:1)
  7 black mambas
  7 naga magi
  2 vault sentinels (Vaults:1)
  A torpor snail (Lair:6)
  3 yaktaurs
  9 merfolk
  4 polar bears (Lair:6)
  A troll (Vaults:4)
  2 wind drakes
  2 slime creatures (Vaults:1)
  A ynoxinul (Abyss:2)
  A wyvern (Lair:3)
  4 yaks (Lair:5)
  A vampire mosquito (Snake:3)
  5 nagas
  2 wargs (Lair:6)
  3 water moccasins
  A hell hound (Lair:6)
  3 black bears (Lair:6)
  4 orc warriors
  A boggart (Vaults:1)
  A wolf (Lair:6)
  A bullfrog (Lair:5)
  A glowing shapeshifter simulacrum (Vaults:2)
  A killer bee (Lair:3)
  An orc priest (Orc:2)
  2 orc wizards
  An ufetubus (Abyss:2)
  7 orcs
  A rat (Lair:6)
  A butterfly (Lair:5)
  3 tentacles (Shoals:1)
198 creatures vanquished.

Vanquished Creatures (others)
  A caustic shrike (Depths:5)
  A bone dragon (Depths:5)
  Kirke (Snake:3)
  A tengu reaver (Vaults:4)
  A vault warden (Vaults:3)
  A stone giant (Depths:2)
  A spriggan defender (Depths:4)
  2 very ugly things
  A merfolk javelineer (Shoals:3)
  2 ettins (Depths:5)
  A deep elf high priest (Vaults:5)
  A vault guard (Vaults:4)
  A boulder beetle (D:12)
  A hydra (Snake:3)
  A merfolk aquamancer (Shoals:4)
  A deep troll shaman (Depths:3)
  A dancing weapon (Elf:2)
  A deep troll earth mage (Depths:3)
  A deep elf knight (Elf:2)
  2 deep trolls
  A salamander mystic (Snake:4)
  A wizard (Vaults:4)
  A deep elf zephyrmancer (Elf:2)
  2 harpies
  A deep elf pyromancer (Elf:1)
  2 ugly things (Depths:2)
  2 fauns
  An elephant (Lair:3)
  A molten gargoyle (Volcano)
  2 yaktaurs (Vaults:2)
  A water elemental (Shoals:2)
  3 humans (Snake:3)
  A floating eye (shapeshifter) (Vaults:5)
  An orc warrior (Orc:2)
  A black bear (Lair:6)
  A wolf (Lair:6)
  A boggart (Vaults:1)
  A centaur (D:15)
  A shadow imp (Gauntlet)
  A white imp (Gauntlet)
  A bush (Lair:6)
  A fire vortex (Volcano)
  76 fungi
  414 plants
  11 starspawn tentacles (Abyss:2)
  40 tentacles
592 creatures vanquished.

Grand Total: 2457 creatures vanquished

Notes
Turn   | Place    | Note
-------+----------+-------------------------------------------
     0 | D:1      | MathTutor the Deep Elf Conjurer began the quest for the
                  | Orb.
     0 | D:1      | Reached XP level 1. HP: 10/10 MP: 6/6
   337 | D:1      | Reached XP level 2. HP: 15/15 MP: 5/8
   340 | D:1      | Learned a level 2 spell: Searing Ray
   414 | D:1      | Reached skill level 5 in Conjurations
   979 | D:1      | Reached XP level 3. HP: 19/19 MP: 7/9
  2371 | D:3      | Reached XP level 4. HP: 24/24 MP: 9/11
  2433 | D:3      | Learned a level 1 spell: Summon Small Mammal
  2684 | D:4      | Noticed a bullfrog
  2690 | D:4      | Killed a bullfrog
  2691 | D:4      | Reached skill level 1 in Fighting
  2691 | D:4      | Reached skill level 1 in Summonings
  2753 | D:4      | Reached XP level 5. HP: 29/29 MP: 7/12
  2791 | D:4      | Found a runed translucent gate.
  2791 | D:4      | Found a runed translucent gate.
  2791 | D:4      | Found a runed translucent gate.
  2795 | D:4      | Found an opulent altar of Gozag.
  2815 | D:4      | Noticed kthxbai's ghost (amateur DgFE)
  2892 | D:4      | Noticed a yak
  3044 | D:4      | Learned a level 5 spell: Iskenderun's Battlesphere
  3395 | D:5      | Entered Level 5 of the Dungeon
  3539 | D:5      | Found Enal's Book Shop.
  3543 | D:5      | Reached skill level 4 in Spellcasting
  3605 | D:5      | Found Tipnao's Armour Shop.
  3643 | D:5      | Found a broken altar of Ashenzari.
  3804 | D:5      | Found Merr's General Store.
  3869 | D:5      | Found Fenebb's General Store.
  3914 | D:5      | Noticed an ice beast
  4062 | D:5      | Reached XP level 6. HP: 34/34 MP: 9/14
  4341 | D:5      | Found Dunkot's General Store.
  4405 | D:5      | Bought a +1 helmet of see invisible for 231 gold pieces
  4857 | D:6      | Noticed an ice beast
  5500 | D:6      | Reached skill level 5 in Spellcasting
  5500 | D:6      | Reached XP level 7. HP: 32/38 MP: 8/16
  5978 | D:6      | Reached skill level 5 in Dodging
  6342 | D:6      | Reached skill level 6 in Spellcasting
  7115 | D:7      | Reached XP level 8. HP: 43/43 MP: 13/19
  7164 | D:7      | Learned a level 3 spell: Mephitic Cloud
  7421 | D:7      | Reached skill level 1 in Air Magic
  7421 | D:7      | Reached skill level 1 in Poison Magic
  7835 | D:7      | Found a staircase to the Ecumenical Temple.
  7844 | Temple   | Entered the Ecumenical Temple
  7935 | Temple   | Became a worshipper of Ru the Awakened
  8135 | D:8      | Reached skill level 7 in Spellcasting
  8286 | D:8      | Learned a level 2 spell: Call Imp
  8848 | D:8      | Reached XP level 9. HP: 48/48 MP: 3/22
  9270 | D:9      | Gained mutation: You cannot be stealthy. [Ru sacrifice]
  9386 | D:9      | Reached skill level 10 in Conjurations
  9395 | D:8      | Reached skill level 8 in Spellcasting
  9573 | D:9      | Gained mutation: You are frail. (-10% HP) [potion of
                  | mutation]
  9573 | D:9      | Gained mutation: Your mind is acute. (Int +2) [potion of
                  | mutation]
 10202 | D:9      | Found Mivagavy's Magic Scroll Shop.
 10351 | D:9      | Reached skill level 9 in Spellcasting
 10351 | D:9      | Reached XP level 10. HP: 50/50 MP: 16/25
 10388 | D:9      | Lost mutation: You are frail. (-10% HP) [potion of
                  | mutation]
 10388 | D:9      | Lost mutation: Your mind is acute. (Int +2) [potion of
                  | mutation]
 10388 | D:9      | Gained mutation: You occasionally shout uncontrollably at
                  | your foes. [potion of mutation]
 10388 | D:9      | Gained mutation: You are weak. (Str -2) [potion of
                  | mutation]
 10388 | D:9      | Gained mutation: You are partially covered in large bone
                  | plates. (SH +4) [potion of mutation]
 11195 | D:10     | Entered Level 10 of the Dungeon
 11543 | D:10     | Learned a level 5 spell: Borgnjor's Vile Clutch
 11589 | D:10     | Noticed a two-headed ogre
 11606 | D:10     | Killed a two-headed ogre
 11607 | D:10     | Reached skill level 1 in Necromancy
 11798 | D:10     | Noticed a cyclops
 11807 | D:10     | Killed a cyclops
 11964 | D:10     | Found a runed translucent door.
 12146 | D:10     | Found a staircase to the Orcish Mines.
 12184 | D:10     | Reached skill level 10 in Spellcasting
 12901 | D:10     | Gained mutation: You are missing a hand. [Ru sacrifice]
 12901 | D:10     | Reached * piety under Ru
 12901 | D:10     | Reached ** piety under Ru
 12901 | D:10     | Reached *** piety under Ru
 13020 | D:11     | Reached XP level 11. HP: 60/60 MP: 15/27
 13084 | D:11     | Noticed an oklob plant
 13259 | D:11     | Reached skill level 1 in Throwing
 13479 | D:11     | Found a staircase to the Lair.
 13607 | D:11     | Found a runed translucent door.
 13607 | D:11     | Found a shimmering altar of Xom.
 13607 | D:11     | Noticed Zippel's ghost (journeyman DsGl)
 13607 | D:11     | Noticed a +3 war axe of chaos
 13867 | D:11     | Noticed a two-headed ogre
 13874 | D:11     | Killed a two-headed ogre
 14641 | D:12     | Found a portal to a secret trove of treasure.
 14978 | D:12     | Noticed a boulder beetle
 14994 | D:12     | Killed a boulder beetle
 15090 | D:12     | Learned a level 6 spell: Iron Shot
 15184 | D:12     | Noticed a two-headed ogre
 15191 | D:12     | Killed a two-headed ogre
 15285 | D:12     | Noticed a skeletal warrior
 15286 | D:12     | Noticed a skeletal warrior
 15290 | D:12     | Noticed a skeletal warrior
 15409 | D:13     | Noticed a four-headed hydra
 15409 | D:13     | Found a gate leading to a gauntlet.
 15415 | D:13     | Killed a four-headed hydra
 15431 | D:13     | Gained mutation: You cannot study or use magical devices.
                  | [Ru sacrifice]
 15431 | D:13     | Reached **** piety under Ru
 15431 | D:13     | Reached ***** piety under Ru
 15449 | Gauntlet | Entered a Gauntlet
 15449 | Gauntlet | Noticed a sixfirhy
 15449 | Gauntlet | Found a transporter.
 15449 | Gauntlet | Found a transporter.
 15471 | Gauntlet | Identified a scroll of acquirement
 15476 | Gauntlet | Acquired 925 gold pieces
 15485 | Gauntlet | Found a runed translucent door.
 15486 | Gauntlet | Found a transporter.
 15495 | Gauntlet | Killed a sixfirhy
 15496 | Gauntlet | Reached skill level 5 in Earth Magic
 15595 | Gauntlet | Found a transporter.
 15596 | Gauntlet | Found a transporter.
 15609 | Gauntlet | Noticed a balrug
 15617 | Gauntlet | Found a transporter.
 15633 | Gauntlet | Found a transporter.
 15633 | Gauntlet | Found a transporter.
 15638 | Gauntlet | Killed a balrug
 15639 | Gauntlet | Reached skill level 10 in Dodging
 15667 | Gauntlet | Noticed a ghost crab
 15671 | Gauntlet | Noticed a wizard
 15675 | Gauntlet | Found a runed translucent door.
 15698 | Gauntlet | Found a transporter.
 15698 | Gauntlet | Noticed a wizard
 15723 | Gauntlet | Found a transporter.
 15727 | Gauntlet | Reached skill level 11 in Spellcasting
 15727 | Gauntlet | Killed a wizard
 15728 | Gauntlet | Killed a wizard
 15736 | Gauntlet | Acquired the amulet of Cioritol {Acrobat rN++ Will- Dex+5}
 15748 | Gauntlet | Identified the +1 leather armour "Gosuhurph" {Rampage
                  | +Blink rCorr Stlth-}
 15757 | Gauntlet | Found a transporter.
 15883 | Gauntlet | Noticed a minotaur
 15891 | Gauntlet | Killed a minotaur
 15892 | Gauntlet | Reached XP level 12. HP: 67/67 MP: 8/29
 16049 | D:13     | Noticed a two-headed ogre
 16055 | D:13     | Killed a two-headed ogre
 16257 | D:13     | Found a gate to the Vaults.
 16306 | D:12     | Reached skill level 5 in Necromancy
 16756 | D:12     | Noticed a boulder beetle
 16767 | D:12     | Killed a boulder beetle
 16936 | D:12     | Noticed a boulder beetle
 16940 | D:12     | Noticed a boulder beetle
 16948 | D:12     | Killed a boulder beetle
 16949 | D:12     | Reached skill level 5 in Fighting
 16956 | D:12     | Killed a boulder beetle
 18307 | D:11     | Reached skill level 12 in Spellcasting
 18364 | Lair:1   | Entered Level 1 of the Lair of Beasts
 18514 | Lair:1   | Learned a level 2 spell: Passwall
 18521 | Lair:1   | Learned a level 3 spell: Swiftness
 18653 | Lair:1   | Noticed Urug
 18667 | Lair:1   | Killed Urug
 19191 | Lair:2   | Learned a level 4 spell: Summon Lightning Spire
 19214 | Lair:2   | Identified the amulet of Fofelli {Acrobat Fly}
 19334 | Lair:2   | Identified the +1 chain mail of Plasticity {rN+}
 19479 | Lair:2   | Reached XP level 13. HP: 72/72 MP: 28/31
 20131 | Lair:2   | You fall into a shaft and drop 1 floor!
 20131 | Lair:3   | Found a broken altar of Ashenzari.
 20902 | Lair:3   | Reached skill level 10 in Earth Magic
 20912 | Lair:3   | Reached XP level 14. HP: 37/79 MP: 2/32
 20934 | Lair:3   | Reached skill level 13 in Spellcasting
 21181 | Lair:3   | Learned a level 4 spell: Animate Dead
 22371 | Lair:4   | Reached skill level 1 in Staves
 22828 | Lair:4   | Found a staircase to the Snake Pit.
 22950 | Lair:4   | Learned a level 3 spell: Inner Flame
 22960 | Lair:4   | Found a staircase to the Shoals.
 22966 | Lair:4   | Noticed Rupert
 23538 | D:13     | Reached skill level 1 in Fire Magic
 23840 | D:13     | Acquired the +2 pair of gloves "Ijoblup" {Fly rElec rF++
                  | rC+}
 25055 | D:14     | Found Qedi's General Store.
 25754 | D:14     | Reached skill level 5 in Summonings
 25860 | D:14     | Reached skill level 14 in Spellcasting
 26047 | D:14     | Noticed Snorg
 26052 | D:14     | Killed Snorg
 26053 | D:14     | Reached XP level 15. HP: 77/84 MP: 23/35
 26226 | D:14     | Reached skill level 5 in Staves
 26830 | D:15     | Entered Level 15 of the Dungeon
 28536 | D:15     | Found a staircase to the Depths.
 28536 | D:15     | Noticed a frost giant
 28570 | D:15     | Killed a frost giant
 29046 | Orc:1    | Entered Level 1 of the Orcish Mines
 29221 | Orc:1    | You are sucked into a shaft and drop 1 floor!
 29221 | Orc:2    | Entered Level 2 of the Orcish Mines
 29221 | Orc:2    | Noticed an orc warlord
 29994 | Orc:2    | Found a staircase to the Elven Halls.
 30839 | Orc:2    | Killed an orc warlord
 31406 | Orc:2    | Reached skill level 15 in Spellcasting
 31763 | Orc:2    | Found Yluixec's Magic Scroll Shoppe.
 31767 | Orc:2    | Found Gasulit's Distillery.
 31772 | Orc:2    | Bought a scroll of teleportation for 33 gold pieces
 31772 | Orc:2    | Bought a scroll of magic mapping for 38 gold pieces
 31775 | Orc:2    | Found Gumoics's Jewellery Shop.
 31778 | Orc:2    | Found Xoeceipi's Book Shoppe.
 31808 | Orc:2    | Bought a potion of curing for 33 gold pieces
 31808 | Orc:2    | Bought a potion of curing for 33 gold pieces
 31808 | Orc:2    | Bought a potion of might for 44 gold pieces
 31828 | Orc:2    | Bought a book of Stone for 612 gold pieces
 32000 | Orc:2    | Bought a scroll of holy word for 82 gold pieces
 32481 | Lair:5   | Identified the +9 dagger "Elf's Death" {drain, rElec rN+
                  | Int+2}
 32676 | Lair:4   | Reached skill level 1 in Transmutations
 32909 | Lair:4   | Killed Rupert
 33335 | Lair:5   | You are sucked into a shaft and drop 1 floor!
 33335 | Lair:6   | Entered Level 6 of the Lair of Beasts
 33420 | Lair:6   | Reached XP level 16. HP: 90/90 MP: 27/37
 33494 | Lair:6   | Found a dark tunnel.
 33518 | Volcano  | Entered a volcano
 33963 | Volcano  | Identified the ring "Sinoth" {rCorr Int+6}
 34498 | Lair:6   | Noticed Sonja
 34517 | Lair:6   | Killed Sonja
 34741 | Lair:6   | Found a runed translucent door.
 34744 | Lair:6   | Found a viscous altar of Jiyva.
 34745 | Lair:6   | Found a staircase to the Slime Pits.
 35261 | Lair:5   | Found a broken altar of Ashenzari.
 38277 | Lair:2   | Learned a level 6 spell: Statue Form
 38462 | Shoals:1 | Entered Level 1 of the Shoals
 38476 | Shoals:1 | Reached skill level 16 in Spellcasting
 38934 | Snake:1  | Entered Level 1 of the Snake Pit
 39380 | Snake:1  | Reached skill level 15 in Earth Magic
 41586 | Shoals:1 | Reached XP level 17. HP: 97/97 MP: 21/39
 41748 | Shoals:1 | Found Kibb's Book Shop.
 41888 | Shoals:1 | Identified the +11 mace "Awuoham" {venom, Fly rC++ rN+
                  | Int-2}
 42282 | Shoals:1 | Bought a book of Cantrips for 256 gold pieces
 42284 | Shoals:1 | Learned a level 1 spell: Apportation
 42422 | Shoals:1 | Noticed a kraken
 42783 | Shoals:1 | Killed a kraken
 43705 | Shoals:2 | Noticed Polyphemus
 44146 | Snake:2  | Reached skill level 5 in Transmutations
 45234 | Snake:3  | Noticed Aizul
 45241 | Snake:3  | Killed Aizul
 45465 | Snake:3  | Noticed Kirke
 45483 | Snake:3  | Killed Kirke
 45484 | Snake:3  | Reached skill level 17 in Spellcasting
 46313 | Snake:3  | Noticed Vashnia
 46637 | Snake:3  | Noticed Mara
 46749 | Snake:3  | Killed Vashnia
 46771 | Snake:3  | Reached skill level 5 in Throwing
 47649 | Lair:2   | Acquired the +1 helmet of Lucidity {rF+ Int+2 SInv}
 47856 | Depths:1 | Entered Level 1 of the Depths
 47926 | Depths:1 | Identified the +0 spear "Tagamit" {spect, Str+2}
 47932 | Depths:1 | Found a gateway to a ziggurat.
 48619 | D:5      | Bought a scroll of enchant armour for 90 gold pieces
 48619 | D:5      | Bought a potion of invisibility for 96 gold pieces
 48619 | D:5      | Bought a scroll of magic mapping for 42 gold pieces
 48666 | D:5      | Bought +0 ice dragon scales for 600 gold pieces
 49263 | Depths:1 | Found a one-way gate leading to the halls of Pandemonium.
 50305 | Depths:1 | Found a one-way gate to the infinite horrors of the Abyss.
 50579 | Depths:1 | Acquired the +3 pair of gauntlets of War {Slay+5}
 50579 | Depths:1 | Found the +3 pair of gauntlets of War {Slay+5}
 50657 | Depths:1 | Found Sauc Zooggo's Assorted Antiques.
 50659 | Depths:1 | Found Couner's Antique Armour Emporium.
 50662 | Depths:1 | Found Qaotit's Antique Weapon Shoppe.
 50665 | Depths:1 | Bought a scroll of enchant armour for 232 gold pieces
 50818 | Depths:1 | Found a blossoming altar of Fedhas.
 51391 | D:12     | You paid a toll of +5 ice dragon scales to enter a treasure
                  | trove
 51392 | Trove    | Entered a treasure trove
 51397 | Trove    | Found the +3 salamander hide armour {Flames rF++ rC--}
 51412 | Trove    | Identified the ring of Irghowona {rElec SInv}
 51420 | Trove    | Identified the +2 pair of boots "Juahol" {rElec rF+ rC-
                  | Will+ Stlth+}
 51422 | Trove    | Identified the ring "Dedosch" {rC+ Dex+3}
 51424 | Trove    | Identified the +0 pair of boots of Dithmenos's Esteem {Harm
                  | rPois rN++ Int-2}
 52020 | Shoals:2 | Reached XP level 18. HP: 106/106 MP: 17/41
 52507 | Shoals:2 | Killed Polyphemus
 54075 | Shoals:3 | Reached skill level 10 in Staves
 54212 | Shoals:3 | Identified the amulet "Koqahalo" {Spirit Rampage rC+ Str+4}
 54836 | Shoals:3 | Found Zuefoer's Assorted Antiques.
 54846 | Shoals:3 | Bought a potion of heal wounds for 170 gold pieces
 54846 | Shoals:3 | Bought a scroll of vulnerability for 255 gold pieces
 54846 | Shoals:3 | Bought a scroll of teleportation for 102 gold pieces
 54846 | Shoals:3 | Bought an embroidered scarf for 272 gold pieces
 55289 | Shoals:3 | Reached skill level 18 in Spellcasting
 55882 | Shoals:4 | Entered Level 4 of the Shoals
 56162 | Shoals:4 | Reached skill level 10 in Fighting
 56216 | Shoals:4 | Identified the +0 plate armour of Hangman {Int+4}
 56220 | Shoals:4 | Reached skill level 15 in Dodging
 58125 | Shoals:4 | Got a barnacled rune of Zot
 59183 | Lair:2   | Learned a level 5 spell: Summon Mana Viper
 59336 | Vaults:1 | Entered Level 1 of the Vaults
 59383 | Vaults:1 | Found Suemis's Distillery.
 59411 | Vaults:1 | Found Tilucut's Antique Armour Boutique.
 59445 | Vaults:1 | Found a flickering gateway to a bazaar.
 59462 | Bazaar   | Entered a bazaar
 59462 | Bazaar   | Found Bofew's Magic Scroll Shoppe.
 59462 | Bazaar   | Found Ypuborgh's Weapon Shoppe.
 59464 | Bazaar   | Found Suprab's General Store.
 59487 | Bazaar   | Found Kewn's Weapon Shoppe.
 59505 | Bazaar   | Found Tibbaer's Assorted Antiques.
 59560 | Bazaar   | Bought a scroll of teleportation for 21 gold pieces
 59560 | Bazaar   | Bought a scroll of blinking for 52 gold pieces
 59560 | Bazaar   | Bought 3 scrolls of teleportation for 63 gold pieces
 59579 | Bazaar   | Bought 2 potions of heal wounds for 200 gold pieces
 59579 | Bazaar   | Bought a scroll of teleportation for 60 gold pieces
 59608 | Bazaar   | Bought a potion of haste for 90 gold pieces
 59610 | Bazaar   | Bought a scroll of enchant armour for 67 gold pieces
 59610 | Bazaar   | Bought a staff of fire for 225 gold pieces
 59846 | Vaults:1 | Paralysed by a sphinx for 2 turns
 60074 | Vaults:1 | Bought a potion of cancellation for 136 gold pieces
 60074 | Vaults:1 | Bought a potion of haste for 170 gold pieces
 60074 | Vaults:1 | Bought a potion of brilliance for 68 gold pieces
 60330 | Vaults:1 | Identified the +1 leather armour of the Tanner {Str-3
                  | Slay+6}
 60460 | Vaults:1 | Learned a level 4 spell: Airstrike
 61107 | Vaults:1 | Reached XP level 19. HP: 113/113 MP: 24/43
 61877 | Vaults:1 | Reached skill level 5 in Air Magic
 62315 | Vaults:1 | Found Foifamev's Weapon Boutique.
 63055 | Elf:1    | Entered Level 1 of the Elven Halls
 63324 | Elf:1    | Found Hilett's Book Shoppe.
 63591 | Elf:1    | Paralysed by an air elemental for 1 turns
 63736 | Elf:1    | Identified the +6 halberd of the Dungeon {vorpal, Contam
                  | rC+++ Will- Dex+6}
 64037 | Elf:1    | Found Gutaxzie's Armour Shop.
 64150 | Elf:1    | Identified the +2 scythe "Teiff" {freeze, rPois rC- Dex+5}
 64862 | Elf:1    | Identified the amulet "Pipain" {Acrobat rC+}
 64984 | Elf:1    | Reached skill level 19 in Spellcasting
 65100 | Elf:1    | Got the Catalogue of Darkness
 65212 | Elf:1    | Found Fudilues's Magic Scroll Shoppe.
 65423 | Elf:1    | Found a runed translucent door.
 67590 | Elf:2    | Found a huge runed translucent gate.
 67590 | Elf:2    | Found a huge runed translucent gate.
 67590 | Elf:2    | Found a huge runed translucent gate.
 67590 | Elf:2    | Found a huge runed translucent gate.
 67592 | Elf:2    | Found a huge runed translucent gate.
 68591 | Vaults:1 | Acquired 815 gold pieces
 68684 | Vaults:1 | Bought warped steam dragon scales for 1620 gold pieces
 68684 | Vaults:1 | Identified the +7 steam dragon scales "Gekasuas" {rF+} (You
                  | bought it in a shop on level 1 of the Vaults)
 69451 | Vaults:2 | Reached skill level 1 in Hexes
 69929 | Vaults:2 | Reached XP level 20. HP: 96/120 MP: 12/45
 71428 | Vaults:2 | Found a staircase to the Crypt.
 71807 | Vaults:2 | Cast into level 2 of the Abyss (a wizard)
 71890 | Abyss:2  | Noticed a bone dragon
 71917 | Abyss:2  | Killed a bone dragon
 72034 | Abyss:2  | Identified the +9 short sword of MathTutor's Slow Death
                  | {vorpal, rElec rC+ rN+ Will-}
 72265 | Vaults:2 | Escaped the Abyss
 72397 | Vaults:3 | Lost mutation: You are weak. (Str -2) [potion of mutation]
 72397 | Vaults:3 | Lost mutation: You occasionally shout uncontrollably at
                  | your foes. [potion of mutation]
 72397 | Vaults:3 | Gained mutation: Your mind is acute. (Int +2) [potion of
                  | mutation]
 72397 | Vaults:3 | Lost mutation: Your mind is acute. (Int +2) [potion of
                  | mutation]
 73041 | Vaults:3 | Reached skill level 10 in Air Magic
 75178 | Vaults:4 | Noticed Saint Roka
 75536 | Vaults:4 | Killed Saint Roka
 75624 | Vaults:4 | Noticed Mennas
 75671 | Vaults:4 | Killed Mennas
 75672 | Vaults:4 | Reached skill level 20 in Spellcasting
 76651 | Vaults:4 | Noticed Jory
 76659 | Vaults:4 | Killed Jory
 77340 | Vaults:4 | Learned a level 3 spell: Summon Guardian Golem
 77475 | Vaults:4 | Reached XP level 21. HP: 100/127 MP: 14/47
 79431 | Depths:2 | Found a hide-covered altar of Uskayaw.
 79598 | Depths:2 | Found a runed translucent door.
 79599 | Depths:2 | Found a shimmering altar of Xom.
 79599 | Depths:2 | Noticed lmSkywalker's ghost (adept DrTm)
 79801 | Depths:2 | Learned a level 5 spell: Lightning Bolt
 80112 | Depths:2 | Found a gateway to Hell.
 80733 | Depths:2 | Noticed Nikola
 80738 | Depths:2 | Killed Nikola
 80814 | Depths:2 | Noticed a golden dragon
 80828 | Depths:2 | Killed a golden dragon
 81828 | Depths:3 | Paralysed by a great orb of eyes for 3 turns
 82964 | Depths:2 | Reached skill level 21 in Spellcasting
 83742 | Depths:3 | Noticed a caustic shrike
 83748 | Depths:3 | Killed a caustic shrike
 83749 | Depths:3 | Reached XP level 22. HP: 134/134 MP: 26/49
 84389 | Depths:3 | Gained mutation: You tend to lose your temper in combat. [a
                  | neqoxec]
 84421 | Depths:3 | Lost mutation: You tend to lose your temper in combat.
                  | [potion of mutation]
 84421 | Depths:3 | Lost mutation: You are partially covered in large bone
                  | plates. (SH +4) [potion of mutation]
 84421 | Depths:3 | Gained mutation: You are frail. (-10% HP) [potion of
                  | mutation]
 84421 | Depths:3 | Gained mutation: Your body sometimes deteriorates upon
                  | taking damage. [potion of mutation]
 84737 | Depths:3 | Cast into level 2 of the Abyss (a wizard)
 85371 | Abyss:2  | Found a corrupted altar of Lugonu.
 85472 | Abyss:2  | Gained mutation: Your body often deteriorates upon taking
                  | damage. [a neqoxec]
 85606 | Abyss:2  | Found a huge runed translucent gate.
 85606 | Abyss:2  | Found a corrupted altar of Lugonu.
 85606 | Abyss:2  | Found a huge runed translucent gate.
 85606 | Abyss:2  | Found a huge runed translucent gate.
 85606 | Abyss:2  | Found a huge runed translucent gate.
 85608 | Abyss:2  | Found a huge runed translucent gate.
 85728 | Depths:3 | Escaped the Abyss
 85863 | Depths:3 | Identified the +4 chain mail of Chimes {MP-9 Str+3 Int+6}
 86366 | Elf:3    | Entered Level 3 of the Elven Halls
 87675 | Elf:2    | Acquired 530 gold pieces
 87897 | D:5      | Bought a potion of curing for 30 gold pieces
 87897 | D:5      | Bought a potion of curing for 30 gold pieces
 88021 | D:9      | Bought a scroll of blinking for 97 gold pieces
 88021 | D:9      | Bought a scroll of fear for 45 gold pieces
 88021 | D:9      | Bought a scroll of summoning for 123 gold pieces
 88021 | D:9      | Bought a scroll of torment for 97 gold pieces
 88161 | Elf:1    | Bought a scroll of blinking for 112 gold pieces
 88161 | Elf:1    | Bought a scroll of fear for 52 gold pieces
 88161 | Elf:1    | Bought a scroll of teleportation for 45 gold pieces
 88161 | Elf:1    | Bought a scroll of summoning for 142 gold pieces
 88161 | Elf:1    | Bought a scroll of summoning for 142 gold pieces
 88398 | Vaults:1 | Bought 3 potions of heal wounds for 255 gold pieces
 88398 | Vaults:1 | Bought a potion of curing for 51 gold pieces
 88398 | Vaults:1 | Bought 2 potions of curing for 102 gold pieces
 88398 | Vaults:1 | Bought a potion of curing for 51 gold pieces
 88398 | Vaults:1 | Bought 2 potions of might for 136 gold pieces
 88398 | Vaults:1 | Bought a potion of might for 68 gold pieces
 88398 | Vaults:1 | Bought a potion of resistance for 170 gold pieces
 88398 | Vaults:1 | Bought a potion of lignification for 51 gold pieces
 88398 | Vaults:1 | Bought a potion of lignification for 51 gold pieces
 88902 | Elf:3    | Paralysed by an air elemental for 1 turns
 89584 | Elf:3    | Identified the ring of Ephemeral Luck {rF+ Int+3}
 89899 | Elf:3    | Got the Compendium of Autotheism
 90021 | Elf:3    | Got Lemeq's Compendium of Malediction and Air
 90747 | Depths:3 | Reached skill level 15 in Air Magic
 92014 | Depths:4 | Found Yffooll's General Store.
 92021 | Depths:4 | Paralysed by a great orb of eyes for 5 turns
 92028 | Depths:4 | Found Siuh's Antique Armour Boutique.
 92031 | Depths:4 | Bought a potion of lignification for 54 gold pieces
 92031 | Depths:4 | Bought a scroll of torment for 135 gold pieces
 92894 | Depths:4 | Identified the ring "Xaruenwodu" {Fire rN+ Stlth+}
 93115 | Depths:4 | Lost mutation: You are frail. (-10% HP) [potion of
                  | mutation]
 93115 | Depths:4 | Lost mutation: Your body often deteriorates upon taking
                  | damage. [potion of mutation]
 93115 | Depths:4 | Lost mutation: Your body sometimes deteriorates upon taking
                  | damage. [potion of mutation]
 93115 | Depths:4 | Gained mutation: You evolve. [potion of mutation]
 93115 | Depths:4 | Gained mutation: You have large cloven feet. [potion of
                  | mutation]
 93256 | Depths:4 | Reached XP level 23. HP: 140/140 MP: 29/50
 93670 | Depths:4 | Reached skill level 10 in Throwing
 93939 | Depths:4 | Reached skill level 22 in Spellcasting
 94311 | Depths:5 | Entered Level 5 of the Depths
 94328 | Depths:5 | Noticed a juggernaut
 95235 | Depths:5 | Found a radiant altar of Vehumet.
 95322 | Depths:5 | Noticed a caustic shrike
 95323 | Depths:5 | Noticed a caustic shrike
 95324 | Depths:5 | Noticed a caustic shrike
 95325 | Depths:5 | Noticed a caustic shrike
 95325 | Depths:5 | Noticed a caustic shrike
 95326 | Depths:5 | Killed a caustic shrike
 95329 | Depths:5 | Killed a caustic shrike
 95330 | Depths:5 | Killed a caustic shrike
 95333 | Depths:5 | Killed a caustic shrike
 95336 | Depths:5 | Killed a caustic shrike
 96241 | Depths:5 | Killed a juggernaut
 96503 | Depths:4 | Found a runed translucent door.
 96874 | Depths:4 | Found a runed translucent door.
 96884 | Depths:4 | Found a runed translucent door.
 96885 | Depths:4 | Found a runed translucent door.
 96988 | Depths:4 | Identified the +3 scale mail "Niwyov" {rElec rPois rF+
                  | Dex+3}
 97110 | Depths:5 | Noticed a caustic shrike
 97110 | Depths:5 | Noticed a caustic shrike
 97110 | Depths:5 | Noticed a caustic shrike
 97113 | Depths:5 | Killed a caustic shrike
 97114 | Depths:5 | Killed a caustic shrike
 97116 | Depths:5 | Killed a caustic shrike
 97116 | Depths:5 | Noticed a caustic shrike
 97117 | Depths:5 | Noticed a caustic shrike
 97123 | Depths:5 | Killed a caustic shrike
 97679 | Depths:5 | Found a gate to the Realm of Zot.
 98595 | Depths:5 | Killed a caustic shrike
 98947 | Depths:1 | Bought a scroll of immolation for 108 gold pieces
 98947 | Depths:1 | Bought a scroll of teleportation for 93 gold pieces
 98947 | Depths:1 | Bought a potion of invisibility for 248 gold pieces
 98947 | Depths:1 | Bought a potion of brilliance for 124 gold pieces
 99021 | Depths:1 | Reached XP level 24. HP: 127/140 MP: 51/51
 99931 | Snake:3  | Killed Mara
100207 | Snake:4  | Entered Level 4 of the Snake Pit
100288 | Snake:4  | Found Elit Lere's Magic Scroll Shoppe.
100289 | Snake:4  | Bought a scroll of torment for 120 gold pieces
100289 | Snake:4  | Bought a scroll of torment for 120 gold pieces
100289 | Snake:4  | Bought a scroll of teleportation for 48 gold pieces
100289 | Snake:4  | Bought a scroll of fear for 56 gold pieces
100289 | Snake:4  | Bought a scroll of immolation for 56 gold pieces
100289 | Snake:4  | Bought a scroll of magic mapping for 56 gold pieces
100289 | Snake:4  | Bought a scroll of silence for 120 gold pieces
100637 | Snake:4  | Reached skill level 23 in Spellcasting
101952 | Snake:4  | Got a serpentine rune of Zot
102128 | Snake:4  | Identified the +0 scale mail of Tiagoj {rF+ rC+++ Dex+3}
102790 | D:14     | Bought a scroll of silence for 97 gold pieces
102950 | Vaults:1 | Bought a pair of warped gloves for 342 gold pieces
102950 | Vaults:1 | Identified the +0 pair of gloves of Loryhout {-Tele rF+ rC+
                  | SInv} (You bought it in a shop on level 1 of the Vaults)
104075 | Elf:2    | Lost mutation: You evolve. [evolution]
105527 | Vaults:5 | Entered Level 5 of the Vaults
105722 | Vaults:5 | Identified the +8 great sword of Superiority {speed, +Blink
                  | Int+3}
105749 | Vaults:5 | Identified the amulet "Fytsapso" {*Corrode +Inv rElec
                  | Regen+ MP+9 Dex+2}
105749 | Vaults:5 | Paralysed by an ogre mage for 3 turns
105749 | Vaults:5 | Shot with a bolt by a yaktaur captain

Illustrated notes

Levels and vault maps discovered:
D:1:      dpeg_arrival_morbid_curiosity, layout_basic
D:2:      layout_basic, uniq_terence, uniq_crazy_yiuf_cottage
D:3:      layout_rooms
D:4:      layout_basic, ebering_ghost_gozag
D:5:      layout_cave_pods, nicolae_ashenzari_skybound, serial_shops,
          kennysheep_mini_moat, nicolae_lakefront_shop, kennysheep_little_box,
          nicolae_shop_stone, kennysheep_mini
D:6:      layout_basic, serial_rivers, chequers_serial_rivers_room_a,
          chequers_serial_rivers_marsh, chequers_serial_rivers_room_b,
          chequers_serial_rivers_small_a, chequers_serial_rivers_marsh,
          chequers_serial_rivers_large_a, roderic_filled_cross
D:7:      layout_rooms, minmay_temple_entry_water_ring
D:8:      layout_loops_ring, ebering_dispersal_statue_hall
D:9:      layout_basic, serial_shops, shop_fountains
D:10:     gammafunk_indiana_jones, layout_loops_ring,
          kennysheep_orc_monster_closet_entryway
D:11:     layout_layer_cave, dpeg_oklobed_lair, ebering_ghost_xom,
          chequers_serial_rivers_marsh
D:12:     layout_grid_maze, nicolae_trove_entry_isolated
D:13:     layout_roguey, david_vaults_1, serial_glass, glass_columns_a,
          glass_columns_b, gauntlet_entry_generic, drop_trap
D:14:     layout_loops_ring, amcnicky_mini_pool_small, serial_shops,
          nicolae_inconvenience_store, uniq_snorg
D:15:     grunt_enter_depths_snipers, layout_cave_pods
Temple:   dpeg_three_leaves_temple
Lair:1:   layout_long_grid, uniq_urug
Lair:2:   layout_cave_pods
Lair:3:   hangedman_what_comes_after_a, layout_big_grid, basic_altar,
          minmay_lair_oklob_chamber
Lair:4:   layout_regular_city, shoals_dummy_entry,
          minmay_snake_entry_guardpost_small, uniq_rupert
Lair:5:   layout_regular_city, basic_altar, grunt_megastairs_5,
          lemuel_fruit_fields
Lair:6:   hangedman_lair_caniforms_friends, layout_loops_ring, slime_altar_2,
          nicolae_volcano_entry_batcave, kennysheep_rathole,
          serial_bayou_shore_b, uniq_sonja
Shoals:1: layout_shoals, nicolae_shoals_c_island
Shoals:2: layout_shoals, st_cyclops, uniq_polyphemus
Shoals:3: layout_shoals, serial_shops, shop_statue
Shoals:4: shoals_end_grunt_ice, layout_shoals
Snake:1:  layout_honeycomb
Snake:2:  layout_rooms
Snake:3:  onia_ninara_swampy_vault, layout_misc_corridors,
          nicolae_snake_biting_tails, uniq_kirke, uniq_aizul, uniq_vashnia,
          uniq_mara
Snake:4:  hellmonk_snake_rune_quicksilver_temple, layout_cave_town,
          serial_shops, shop_fountains, portal_ice_cave_entry_ice_statue_two
Orc:1:    layout_diamond_mine, mines2_david
Orc:2:    st_orc_elflike, layout_diamond_mine
Elf:1:    minmay_the_grid_triangle_9x9_recursive_2
          [minmay_the_grid_triangle_9x9_prize_center,
          minmay_the_grid_triangle_9x9_minimal,
          minmay_the_grid_triangle_9x9_subtriangle,
          minmay_the_grid_triangle_9x9_checkered], layout_geoelf_octagon,
          serial_shops, nicolae_shop_stone, shop, shop,
          hangedman_elven_crosses_minicolossus, grunt_ministairs_4,
          hangedman_glass_teeth, minmay_elf_necromancy
Elf:2:    elven_hall_of_blades_hangedman_alternative [nicolae_blade_lattice],
          layout_geoelf_diagonals, lightli_enter_wizlab_magi_temple,
          patterned_corridor
Elf:3:    elf_hall_gauntlet_wide, layout_gridlike, dk_noncrumbling_3,
          corexii_leaking_fountain
Vaults:1: v_alt_pattern_1, nicolae_vaults_network_quinsquares
          [nicolae_vaults_network_quincunx_subvault,
          nicolae_vaults_network_quincunx_subvault,
          nicolae_vaults_network_quincunx_subvault,
          nicolae_vaults_network_quincunx_subvault], vaults_standard_mumra_x,
          v_misc_23, ontoclasm_vaults_ring_square, grunt_vaults_hallway_short,
          ontoclasm_vaults_decontamination, nicolae_vaults_network_s,
          v_pattern_1, nicolae_vaults_asterisk, v_misc_30,
          layout_vaults_omnigrid, serial_shops, bzr_entry_gold, shop, shop, shop
Vaults:2: nicolae_vaults_network_square, nicolae_vaults_angled_halls,
          ontoclasm_vaults_chip, vaults_dpeg_doors, grunt_vaults_hallway_short,
          hangedman_vaults_nails, nicolae_vaults_statue_guard,
          nicolae_vaults_alarming, vaults_room_corners,
          minmay_crypt_entry_simple_box, layout_vaults_chaotic_city
Vaults:3: v_misc_10, hangedman_vaults_restitches, hangedman_vaults_maws,
          hangedman_vaults_stitches, v_misc_14, nicolae_vaults_border_crossing,
          nicolae_vaults_angled_halls, grunt_vaults_diagonal,
          nicolae_vaults_asterisk, nicolae_vaults_little_squares_1,
          vaults_room_door_ring, vaults_dpeg_hooks, v_misc_14,
          ontoclasm_vaults_chip, vaults_dpeg_encased_lava, layout_vaults_ring
Vaults:4: hangedman_vaults_pinch, v_rooms_1, hangedman_vaults_nodes,
          nicolae_vaults_big_ls, v_misc_30, v_misc_1,
          ontoclasm_vaults_ring_large, kb_rosetta, v_misc_22, vaults_room_grid,
          layout_vaults_maze_snakey, uniq_mennas, uniq_jory, uniq_saint_roka
Vaults:5: uniq_xtahua
Depths:1: layout_basic, enter_ziggurat_c, grunt_hell_entry_demonic_statue,
          abyss_entry, rand_demon_pan_entry_3, fedhas_altar_4,
          lemuel_nasty_fountain, minmay_shop_star
Depths:2: minmay_tri_box, layout_cross, ebering_ghost_xom,
          nicolae_uskayaw_murder_on_the_dancefloor, hangedman_coc_ice_floe,
          solitary_fountain, uniq_nikola
Depths:3: nooodl_heptagram, layout_honeycomb, rand_demon_pan_entry_4,
          grunt_hell_entry_dis_mu
Depths:4: impenetrable_vault, layout_gridlike,
          amcnicky_mini_rare_corridor_liquid, hell_entry, abyss_entry,
          infiniplex_staircase_pool_1, minmay_shoptagon
Depths:5: grunt_zot_entry_bicorn, layout_gridlike, hell_entry, serial_bayou,
          serial_bayou_pond_e, serial_bayou_shore_a, serial_bayou_ford_a,
          serial_bayou_lake_a, pan_entry, fiery_altar_vehumet,
          serial_bayou_shore_b

Skill      XL: |  1  2  3  4  5  6  7  8  9 10 11 12 13 14 15 16 17 18 19 20 21 22 23 24 |
---------------+-------------------------------------------------------------------------+-----
Conjurations   | 5 6 7 8 9 11 12 13 14 | 14.6
Fighting       | 1 3 4 5 6 8 9 10 11 12 13 14 | 14.7
Dodging        | 3 4 5 6 8 9 10 11 13 14 15 16 17 18 19 20 | 20.6
Summonings     | 1 4 5 |  5.0
Spellcasting   | 4 5 6 7 9 10 11 12 14 15 16 17 18 19 20 21 22 23 | 23.3
Air Magic      | 2 3 4 8 11 13 15 17 18 | 18.3
Poison Magic   | 2 3 |  3.0
Stealth        | 0 |  0.0
Necromancy     | 3 4 6 |  6.5
Earth Magic    | 3 6 9 10 12 14 15 | 15.5
Throwing       | 2 3 4 5 7 8 9 10 | 10.0
Staves         | 4 7 8 9 11 12 13 | 13.0
Fire Magic     | 3 4 |  4.0
Transmutations | 2 4 5 |  5.4
Hexes          | 2 |  2.0

Action                   |  1- 3 |  4- 6 |  7- 9 | 10-12 | 13-15 | 16-18 | 19-21 | 22-24 || total
-------------------------+-------+-------+-------+-------+-------+-------+-------+-------++-------
Melee: Spear             |     1 |     8 |     3 |       |       |       |       |       ||    12
       Dagger            |       |       |       |    26 |    42 |       |       |       ||    68
       Staff             |       |       |       |       |    69 |   110 |   369 |   119 ||   667
       Unarmed           |       |       |       |       |       |    14 |       |       ||    14
       Kick              |       |       |       |       |       |       |       |    15 ||    15
Throw: Dart              |       |       |     2 |       |     1 |     2 |     4 |     7 ||    16
       Throwing net      |       |       |       |     1 |       |       |       |       ||     1
       Javelin           |       |       |       |       |     6 |       |       |    11 ||    17
 Cast: Magic Dart        |    67 |    66 |   143 |   289 |   472 |   782 |   358 |    45 ||  2222
       Searing Ray       |     2 |    15 |    19 |     8 |     5 |     4 |       |       ||    53
       Iskenderun's Batt |       |       |    23 |    71 |    94 |   179 |    78 |    13 ||   458
       Mephitic Cloud    |       |       |     2 |    12 |    38 |    31 |    37 |    14 ||   134
       Call Imp          |       |       |       |     8 |     1 |     2 |       |       ||    11
       Iron Shot         |       |       |       |    23 |    56 |   154 |   325 |   443 ||  1001
       Borgnjor's Vile C |       |       |       |    21 |    51 |   109 |   165 |   169 ||   515
       Summon Lightning  |       |       |       |       |    23 |   114 |    66 |    32 ||   235
       Animate Dead      |       |       |       |       |    13 |    38 |    23 |    25 ||    99
       Passwall          |       |       |       |       |     1 |     5 |       |     4 ||    10
       Inner Flame       |       |       |       |       |     8 |     4 |     2 |       ||    14
       Swiftness         |       |       |       |       |     5 |     7 |    11 |    13 ||    36
       Statue Form       |       |       |       |       |       |   114 |   100 |   108 ||   322
       Summon Mana Viper |       |       |       |       |       |     4 |     2 |     1 ||     7
       Airstrike         |       |       |       |       |       |     2 |    38 |    41 ||    81
       Apportation       |       |       |       |       |       |     2 |    15 |    27 ||    44
       Summon Guardian G |       |       |       |       |       |       |    15 |    11 ||    26
       Lightning Bolt    |       |       |       |       |       |       |       |    15 ||    15
Invok: Sacrifice Stealth |       |       |     1 |       |       |       |       |       ||     1
       Sacrifice a Hand  |       |       |       |     1 |       |       |       |       ||     1
       Sacrifice Artific |       |       |       |     1 |       |       |       |       ||     1
       Draw Out Power    |       |       |       |     1 |       |       |       |       ||     1
       Power Leap        |       |       |       |       |     7 |     3 |     2 |     4 ||    16
       Reject Sacrifices |       |       |       |       |     2 |     1 |     2 |     1 ||     6
       Apocalypse        |       |       |       |       |       |     1 |     2 |     6 ||     9
 Abil: End Transformatio |       |       |       |       |       |     2 |     3 |     5 ||    10
  Use: Scroll            |       |     7 |     1 |    15 |     9 |    16 |     9 |    25 ||    82
       Potion            |       |       |     2 |     7 |     7 |     7 |    23 |    22 ||    68
 Stab: Sleeping          |       |       |     1 |       |       |       |       |       ||     1
       Invisible         |       |       |       |     2 |       |     2 |     1 |       ||     5
       Confused          |       |       |       |       |     4 |       |    19 |     5 ||    28
       Paralysed         |       |       |       |       |     5 |       |     5 |       ||    10
       Distracted        |       |       |       |       |       |     3 |     2 |       ||     5
Armor: Ring mail         |       |     2 |     7 |       |       |       |       |       ||     9
       Robe              |       |       |     6 |     9 |       |       |       |       ||    15
       Skin              |       |       |       |     1 |       |   323 |   218 |   128 ||   670
       Troll leather arm |       |       |       |     2 |    65 |    41 |     9 |       ||   117
       Leather armour    |       |       |       |     1 |    15 |     4 |       |       ||    20
       Steam dragon scal |       |       |       |       |       |       |    26 |    43 ||    69
Dodge: Dodged            |     3 |    17 |    43 |    70 |   277 |  1081 |   798 |   708 ||  2997
       Repelled          |       |       |       |       |       |     5 |    10 |    26 ||    41
Block: Other             |       |       |       |    17 |    51 |   157 |   150 |     1 ||   376
